 Dungeon Sprint DCSS version 0.19-a0-1922-g1e9a4c1 (webtiles) character file.

0 LORDOFBUTT the Sneak (level 1, 0/10 HPs)
             Began as a Spriggan Assassin on Oct 24, 2016.
             Slain by an adder (5 damage)
             ... in the Dungeon (Sprint VI: "Thunderdome").
             The game lasted 00:00:25 (62 turns).

LORDOFBUTT the Sneak (Spriggan Assassin)              Turns: 62, Time: 00:00:26

Health: 0/10       AC:  3    Str:  7    XL:     1   Next: 16%
Magic:  2/2        EV: 17    Int: 12    God:
Gold:   200        SH:  0    Dex: 17    Spells: 0 memorised, 0 levels left

rFire  . . .     SeeInvis +     a - +2 dagger
rCold  . . .     Gourm    .     c - +0 robe
rNeg   . . .     Faith    .     (shield restricted)
rPois  .         Spirit   .     (helmet restricted)
rElec  .         Reflect  .     d - +0 cloak
rCorr  .         Harm     .     (gloves unavailable)
MR     .....     NoTele   +     (boots unavailable)
Stlth  +++.......               (no amulet)
                                (no ring)
                                (no ring)

@: very quick
A: unfitting armour, see invisible, herbivore 3, speed 3, slow metabolism 2
a: no special abilities


You were in the Dungeon.
You were not hungry.

You visited 1 branch You collected 200 gold pieces.

Inventory:

Hand Weapons
 a - a +2 dagger (weapon)
 b - a +0 blowgun
Missiles
 e - 8 poisoned needles
 f - 2 curare-tipped needles
Armour
 c - a +0 robe (worn)
 d - a +0 cloak (worn)
Wands
 o - a wand of acid (5/15)
 p - a wand of iceblast (5/15)
Scrolls
 m - 4 scrolls of blinking
 q - 3 scrolls of fog
Potions
 i - 4 potions of heal wounds
 j - 4 potions of haste
 k - 2 potions of magic
 l - a potion of berserk rage
 n - a potion of resistance
Comestibles
 g - a bread ration


   Skills:
 - Level 1.5 Fighting
 + Level 2.4 Short Blades
 - Level 2.0 Throwing
 + Level 2.0 Dodging
 * Level 6.4 Stealth


You couldn't memorise any spells.
You didn't know any spells.

Dungeon Overview and Level Annotations

Branches:
Dungeon (1/1)

Altars:
Dithmenos
Kikubaaqudgha
Makhleb
Okawaru
Qazlal
Sif Muna
Trog
Uskayaw
Vehumet
Xom
Yredelemnul
The Shining One
Jiyva
Lugonu

Shops:
D *[%???:(


Innate Abilities, Weirdness & Mutations

You are very small and have problems with some larger weapons.
You are too small for most types of armour.
You have supernaturally acute eyesight. (SInv)
You are a herbivore.
You cover ground extremely quickly.
You need consume almost no food.


Message History

You are too injured to fight recklessly!
You are too injured to fight recklessly!
You are too injured to fight recklessly!
The bat hits you.
* * * LOW HITPOINT WARNING * * *
You feel better. The bat closely misses you.
You hit the adder.
The adder is severely wounded.
The bat hits you but does no damage. The adder misses you. The adder bites you.
You barely miss the adder.
The adder is severely wounded.
The bat misses you. The adder bites you but does no damage.
You hit the adder.
The adder is almost dead.
The bat hits you. The adder misses you.
You barely miss the adder.
The adder is almost dead.
The bat barely misses you. The adder bites you.
Ouch! That really hurt!
You die...

#_......._# #_......._#
###.........##
#⌠...........⌠
######.8.........8.
##∩.__......###.....
###∩........8.# #.8...
##.............###.....
#⌠....@.b...###...###..
#⌠.....S....# #.<.# ..
#⌠..........# #...# ..
##.............###.. ..
###∩........8.# .8..
##∩__.......# .....
######.8..... ...8.
#⌠...... ....⌠ ###.....
.##


You could see an adder and a bat.

Vanquished Creatures
  A quokka (D)
1 creature vanquished.

Notes
Turn   | Place    | Note
-------+----------+-------------------------------------------
     0 | D        | LORDOFBUTT the Spriggan Assassin began the quest for the Orb.
     0 | D        | Reached XP level 1. HP: 10/10 MP: 2/2
     1 | D        | Found a radiant altar of Vehumet.
     1 | D        | Found a burning altar of Makhleb.
     2 | D        | Found a deep blue altar of Sif Muna.
     2 | D        | Found a hide-covered altar of Uskayaw.
     3 | D        | Found a stormy altar of Qazlal.
     3 | D        | Found an iron altar of Okawaru.
     4 | D        | Found a basalt altar of Yredelemnul.
     4 | D        | Found a shadowy altar of Dithmenos.
     4 | D        | Found Qoaxuno's Staff Store.
     4 | D        | Found Dod Tujiena's Magic Scroll Shop.
     5 | D        | Found a corrupted altar of Lugonu.
     5 | D        | Found Kouripn's Must-Have Magic.
     5 | D        | Found Omuasic's Magic Scroll Shop.
     9 | D        | Round 1.
    26 | D        | Reached skill level 6 in Stealth
    42 | D        | Found an ancient bone altar of Kikubaaqudgha.
    43 | D        | Found a glowing golden altar of the Shining One.
    45 | D        | Found Guqer's Bee Food.
    45 | D        | Found a viscous altar of Jiyva.
    45 | D        | Found a bloodstained altar of Trog.
    45 | D        | Found Tilaqah's Identification Station.
    46 | D        | Found Vessoan's Jewellery.
    46 | D        | Found Viohait's Advanced Armour.
    49 | D        | Found a shimmering altar of Xom.
    62 | D        | Slain by an adder

Vault maps used:
D:        arena_sprint

Skill      XL: |  1 |
---------------+----+-----
Dodging        | 2 |  2.0
Stealth        | 6 |  6.4
Fighting       | |  1.5
Short Blades   | |  2.4
Throwing       | |  2.0

Action                   || total
-------------------------++-------
Melee: Dagger            ||    21
  Use: Potion            ||     1
Armor: Robe              ||     5
Dodge: Dodged            ||    22
